 Dungeon Crawl Stone Soup version 0.18-a0-1028-g6e46bd4 (console) character file.

168 FIQ the Chopper (level 5, 0/47 HPs)
             Began as a Minotaur Berserker on Jan 9, 2016.
             Was a Priest of Trog.
             Succumbed to a kobold's poison
             ... on level 3 of the Dungeon.
             The game lasted 00:05:13 (1174 turns).

FIQ the Chopper (Minotaur Berserker)                Turns: 1174, Time: 00:05:13

Health: 0/47       AC:  4    Str: 21    XL:     5   Next: 24%
Magic:  4/4        EV: 12    Int:  9    God:    Trog [***...]
Gold:   113        SH:  0    Dex: 11    Spells: 0 memorised, 4 levels left

rFire  + . .     SeeInvis .     a - +0 hand axe
rCold  x . .     Gourm    .     v - +0 leather armour (curse)
rNeg   . . .     Faith    +     (no shield)
rPois  .         Spirit   .     (helmet restricted)
rElec  .         Dismiss  .     u - +0 cloak
rCorr  .         Reflect  .     (no gloves)
SustAt .         Harm     .     (no boots)
MR     .....                    s - amulet of faith
Stlth  +.........               (no ring)
                                k - ring of fire

@: brilliant, lethally poisoned (0 -> -6), not resistant to hostile
enchantments, very unstealthy
A: retaliatory headbutt, horns 2
a: Berserk, Trog's Hand, Burn Spellbooks, Renounce Religion


You were on level 3 of the Dungeon.
You worshipped Trog.
Trog was most pleased with you.
You were not hungry.

You visited 1 branch of the dungeon, and saw 3 of its levels.

You collected 113 gold pieces.

Inventory:

Hand Weapons
 a - a +0 hand axe (weapon)
Armour
 u - a +0 cloak (worn)
 v - a cursed +0 leather armour (worn)
Jewellery
 k - a ring of fire (left hand)
 s - an amulet of faith (around neck)
Scrolls
 e - a scroll of magic mapping {unknown}
 g - a scroll of random uselessness {unknown}
 h - 3 scrolls of teleportation {unknown}
 i - a scroll of identify {unknown}
 l - a scroll of remove curse {unknown}
 p - a scroll of immolation {unknown}
 r - a scroll of fog {unknown}
Potions
 d - a potion of agility
Comestibles
 c - 5 bread rations
 f - 2 chunks of flesh
 j - 2 beef jerkies
 n - a meat ration


   Skills:
 + Level 4.6 Fighting
 * Level 5.2 Axes
 + Level 3.6 Armour
 + Level 3.3 Dodging


You had 4 spell levels left.
You didn't know any spells.

Dungeon Overview and Level Annotations

Branches:
Dungeon (3/15)

Altars:
Okawaru
The Shining One


Innate Abilities, Weirdness & Mutations

You reflexively headbutt those who attack you in melee.
You have a pair of horns on your head.


Message History

You feel sick.
* * * LOW HITPOINT WARNING * * *
You feel sick.
* * * LOW HITPOINT WARNING * * *
You feel sick.
* * * LOW HITPOINT WARNING * * *
You feel sick.
* * * LOW HITPOINT WARNING * * *
You feel sick.
* * * LOW HITPOINT WARNING * * *
You feel sick.
* * * LOW HITPOINT WARNING * * *
You feel sick.
* * * LOW HITPOINT WARNING * * *
You feel sick.
* * * LOW HITPOINT WARNING * * *
You feel sick.
* * * LOW HITPOINT WARNING * * *
You feel sick.
You die...

............................#
##.#..#...####.##......####.
#........# ##.....###.#
.###..#..#.............#
......#..#.########...##
.####.#....# #...#
........######## #...#######.
#####........... +...'.......
######...... #...######..
#......###.(.# ......)@.((.(#
.........†...# ...........$.#
.............#
...............
..........#+#### ..........#
..........#


There were no monsters in sight!

Vanquished Creatures
  Crazy Yiuf (D:2)
  Natasha (D:2)
  Ijyb (D:2)
  3 adders (D:2)
  An ooze (D:1)
  2 worms (D:2)
  2 giant geckos (D:2)
  3 bats
  2 giant cockroaches (D:1)
  6 goblins
  7 hobgoblins
  7 jackals
  3 giant newts (D:2)
  4 kobolds
  10 rats
53 creatures vanquished.

Notes
Turn   | Place    | Note
--------------------------------------------------------------
     0 | D:1      | FIQ the Minotaur Berserker began the quest for the Orb.
     0 | D:1      | Reached XP level 1. HP: 19/19 MP: 0/0
    51 | D:1      | Reached XP level 2. HP: 20/27 MP: 1/1
   272 | D:1      | Reached skill level 4 in Fighting
   520 | D:2      | Found an iron altar of Okawaru.
   524 | D:2      | Reached XP level 3. HP: 29/33 MP: 2/2
   524 | D:2      | Reached ** piety under Trog
   715 | D:2      | Noticed Natasha
   715 | D:2      | Noticed Ijyb
   722 | D:2      | Killed Natasha
   722 | D:2      | Reached XP level 4. HP: 12/41 MP: 3/3
   726 | D:2      | Killed Ijyb
   752 | D:2      | Reached skill level 5 in Axes
   840 | D:2      | Found a glowing golden altar of the Shining One.
  1015 | D:2      | Noticed Crazy Yiuf
  1024 | D:2      | Killed Crazy Yiuf
  1024 | D:2      | Reached *** piety under Trog
  1024 | D:2      | Reached XP level 5. HP: 43/47 MP: 4/4
  1172 | D:3      | HP: 2/47 [poisoned by a kobold]
  1174 | D:3      | Succumbed to a kobold's poison

Vault maps used:
D:1:      eino_arrival_cavern_a
D:2:      marbit_many_paths, lemuel_crystal_altar, uniq_natasha, uniq_iyjb,
          uniq_crazy_yiuf_cottage
D:3:      first_bread

Action                   |  1- 3 |  4- 6 || total
-------------------------+-------+-------++-------
Melee: Hand axe          |    76 |    35 ||   111
Invok: Berserk           |       |     2 ||     2
  Use: Potion            |       |     4 ||     4
 Stab: Sleeping          |       |     2 ||     2
  Eat: Chunk             |       |     3 ||     3
